 Dungeon Crawl Stone Soup version 0.26.0-10-g1f06aea511 (webtiles) character file.

Game seed: 8057147103283423230

45404 MisterFreud the Grappler (level 14, -6/143 HPs)
             Began as a Troll Berserker on Jan 14, 2021.
             Was an Initiate of Jiyva.
             Mangled by a deep troll (18 damage)
             ... created by the rage of Trog
             ... on level 11 of the Dungeon.
             The game lasted 00:29:46 (15490 turns).

MisterFreud the Grappler (Troll Berserker)         Turns: 15490, Time: 00:29:47

Health: -6/143     AC: 10    Str: 28    XL:     14   Next: 1%
Magic:  13/13      EV: 18    Int:  7    God:    Jiyva [......]
Gold:   922        SH: 16    Dex:  9    Spells: 13/13 levels left

rFire    . . .     SeeInvis .     - Unarmed
rCold    . . .     Faith    .   W - +0 kite shield
rNeg     + . .     Spirit   .   G - +2 robe
rPois    .         Reflect  +   (helmet restricted)
rElec    .         Harm     .   v - +1 cloak
rCorr    .         Rampage  .   (gloves unavailable)
Will     +....                  (boots unavailable)
Stlth    +.........             K - amulet of reflection
HPRegen  0.73/turn              i - +4 ring of evasion
MPRegen  0.13/turn              z - ring of positive energy

@: about to teleport, slowed, very slow
A: large, unfitting armour, claws 3, regeneration 1, shaggy fur 1, tough skin 3
a: Renounce Religion


You were on level 11 of the Dungeon.
You worshipped Jiyva.
Jiyva was noncommittal.
You visited 4 branches of the dungeon, and saw 23 of its levels.

You collected 1376 gold pieces.
You spent 454 gold pieces at shops.

Inventory:

Hand Weapons
 u - a +5 quarterstaff of chaos
 O - a +1 antimagic dire flail
Missiles
 g - 10 boomerangs
 j - a javelin
 x - 61 poisoned darts
 A - 6 atropa-tipped darts
 P - a throwing net
 X - 6 large rocks
Armour
 v - a +1 cloak (worn)
 G - a +2 robe (worn)
 W - a +0 kite shield (worn)
Jewellery
 e - an uncursed ring of resist corrosion
 h - a +6 ring of intelligence
 i - a +4 ring of evasion (left claw)
 z - a ring of positive energy (right claw)
 B - an uncursed ring of fire
 D - an uncursed ring of see invisible
 K - an amulet of reflection (around neck)
 T - an uncursed ring of protection from cold
Wands
 k - a wand of disintegration (35)
 q - a wand of flame (45)
 r - a wand of iceblast (20)
 s - a wand of random effects (27)
 w - a wand of polymorph (10)
 Q - a wand of paralysis (38)
 R - a wand of enslavement (10)
Scrolls
 a - 4 scrolls of identify
 b - 2 scrolls of fear
 d - 7 scrolls of teleportation
 m - 3 scrolls of blinking
 n - 8 scrolls of remove curse
 o - 4 scrolls of enchant weapon
 y - 3 scrolls of magic mapping
 I - 2 scrolls of holy word
 L - a scroll of fog
 V - 2 scrolls of enchant armour
 Y - a scroll of acquirement
 Z - a scroll of silence
Potions
 c - 10 potions of heal wounds
 f - 4 potions of magic
 l - 9 potions of curing
 p - 3 potions of lignification
 t - 6 potions of mutation
 C - 4 potions of invisibility
 E - a potion of ambrosia
 F - a potion of flight
 H - 2 potions of haste
 J - a potion of resistance
 M - 2 potions of might
Miscellaneous
 N - a condenser vane
 S - a lightning rod (4/4)
 U - a phial of floods


   Skills:
 - Level 10.0 Fighting
 + Level 6.6 Throwing
 - Level 10.0 Dodging
 - Level 9.0 Shields
 - Level 12.0 Unarmed Combat
 - Level 5.7 Evocations


You had 13 spell levels left.
You didn't know any spells.
Your spell library was empty.

Dungeon Overview and Level Annotations

Branches:
Dungeon (11/15)            Temple (1/1) D:5            Lair (6/6) D:10
 Shoals (0/4) Lair:3       Spider (0/4) Lair:4        Slime (5/5) Lair:5
    Orc (0/2) D:11

Altars:
Cheibriados
Dithmenos
Elyvilon
Hepliaklqana
Makhleb
Okawaru
Ru
Sif Muna
Uskayaw
Vehumet
Wu Jian
Yredelemnul
Zin
Beogh
Jiyva

Shops:
D:8 !

Portals:
Trove: D:10 (give 2 scrolls of acquirement)

Annotations:
Lair:1 3 runed translucent doors, Hycrow's ghost, journeyman MiBe
Slime:5 Royal Jelly


Innate Abilities, Weirdness & Mutations

You are too large for most types of armour.
You have claws for hands.
Your natural rate of healing is unusually fast.
You are covered in fur. (AC +1)
You have extremely tough skin. (AC +3)


Message History

The deep troll barely misses you. The ogre closely misses you.
The iron troll completely misses you. The iron troll barely misses you.
You block the iron troll's attack.
You see here a poisoned dart.
As you read the scroll of teleportation, it crumbles to dust.
You feel strangely unstable. You block the black bear's attack.
The black bear closely misses you. You block the black bear's attack.
You block the deep troll's attack. The deep troll misses you.
You block the deep troll's attack.
The ogre hits you with a +0 giant spiked club!!
* * * LOW HITPOINT WARNING * * *
The black bear barely misses you. The black bear claws you.
* * * LOW HITPOINT WARNING * * *
The black bear claws you.
* * * LOW HITPOINT WARNING * * *
The iron troll bites you!!
* * * LOW HITPOINT WARNING * * *
The iron troll closely misses you. The iron troll completely misses you.
The deep troll bites you!!
You die...

#.####.## #.####.##
#..<...## .## #########
... # #.# # #.## ##.## #
.....#####...###### #
#..>.T@.....#...# #
#....ThO......#.#######
#...........#.........)
#.......)..###.$.......
#.......#..# #.#.(....#
.........##†###.######.#
.##.......##(#...## ##)8
##########)#....## #..'
#...).....###..8


You could see an iron troll (berserk), a deep troll (berserk), a black bear
(berserk) and an ogre (berserk).

Vanquished Creatures
  Snorg (D:11)
  2 boulder beetles
  5 hydras
  2 catoblepae
  2 two-headed ogres
  Nergalle (D:11)
  Pikel (D:7)
  An orc knight (D:11)
  2 ugly things (D:11)
  12 elephants
  6 black mambas
  Psyche (D:8)
  3 torpor snails
  A gargoyle (D:10)
  A rime drake (Lair:5)
  9 cane toads
  14 komodo dragons
  A troll (D:11)
  A polar bear (Lair:2)
  3 jumping spiders (Lair:4)
  18 blink frogs
  A merfolk (Lair:3)
  10 dream sheep
  Grinder (D:4)
  46 yaks
  A redback (Lair:4)
  2 wraiths (D:11)
  2 wyverns
  4 basilisks
  10 water moccasins
  2 black bears (Lair:3)
  7 orc warriors
  3 phantoms
  2 sky beasts (D:6)
  4 ice beasts
  3 wolves (Lair:2)
  4 ogres
  5 centaurs
  3 lemures (D:7)
  2 big kobolds
  17 bullfrogs
  5 scorpions
  8 killer bees (D:11)
  3 wights (D:11)
  5 howler monkeys
  2 electric eels (Lair:3)
  2 quasits
  5 hounds
  A bullfrog zombie (D:9)
  A centaur skeleton (D:9)
  6 orc priests
  Crazy Yiuf (D:2)
  A bullfrog skeleton (D:6)
  A gnoll shaman (D:7)
  5 orc wizards
  Jessica (D:2)
  3 worker ants
  8 gnolls
  A howler monkey skeleton (D:7)
  11 adders
  2 shadow imps (D:6)
  3 white imps
  3 ufetubi
  2 oozes (D:1)
  An adder zombie (D:5)
  An adder skeleton (D:4)
  A worm (D:6)
  3 dart slugs
  7 leopard geckos
  33 orcs
  6 ball pythons (D:2)
  6 giant cockroaches
  5 hobgoblins
  15 jackals
  13 kobolds
  3 quokkas
  5 bats
  9 frilled lizards
  3 goblins
  A jackal zombie (D:6)
  A quokka skeleton (D:4)
  A quokka zombie (D:9)
  5 rats
415 creatures vanquished.

Vanquished Creatures (others)
  An eye of draining (D:11)
  A howler monkey (D:11)
  2 jellies (D:11)
  A worker ant (D:11)
  3 kobolds (D:11)
  A bush (Lair:4)
  40 fungi
  48 plants
97 creatures vanquished.

Grand Total: 512 creatures vanquished

Notes
Turn   | Place    | Note
-------+----------+-------------------------------------------
     0 | D:1      | MisterFreud the Troll Berserker began the quest for the
                  | Orb.
     0 | D:1      | Reached XP level 1. HP: 22/22 MP: 0/0
    22 | D:1      | Reached XP level 2. HP: 27/29 MP: 1/1
   111 | D:1      | Reached skill level 4 in Unarmed Combat
   246 | D:1      | Reached XP level 3. HP: 34/36 MP: 2/2
   531 | D:1      | Reached ** piety under Trog
   757 | D:2      | Reached skill level 5 in Unarmed Combat
   757 | D:2      | Reached XP level 4. HP: 37/44 MP: 3/3
  1092 | D:2      | Found a runed translucent door.
  1093 | D:2      | Noticed Crazy Yiuf
  1233 | D:2      | Killed Crazy Yiuf
  1416 | D:2      | Noticed Jessica
  1441 | D:2      | Killed Jessica
  1442 | D:2      | Reached XP level 5. HP: 50/50 MP: 4/4
  1450 | D:2      | Found an ornate altar of the Wu Jian Council.
  1638 | D:3      | Reached *** piety under Trog
  1639 | D:3      | Reached skill level 6 in Unarmed Combat
  1999 | D:3      | Found a hide-covered altar of Uskayaw.
  2369 | D:4      | Reached XP level 6. HP: 59/59 MP: 5/5
  2373 | D:4      | Reached skill level 7 in Unarmed Combat
  2617 | D:4      | Noticed Grinder
  2618 | D:4      | Found a hazy altar of Hepliaklqana.
  2618 | D:4      | Found a basalt altar of Yredelemnul.
  2621 | D:4      | Found an iron altar of Okawaru.
  2625 | D:4      | Found a shimmering blue altar of Sif Muna.
  2628 | D:4      | Found a radiant altar of Vehumet.
  2637 | D:4      | Killed Grinder
  2638 | D:4      | Reached skill level 8 in Unarmed Combat
  2638 | D:4      | Reached XP level 7. HP: 60/67 MP: 6/6
  2864 | D:5      | Entered Level 5 of the Dungeon
  3217 | D:5      | Found a staircase to the Ecumenical Temple.
  3531 | Temple   | Entered the Ecumenical Temple
  3599 | D:6      | Found a white marble altar of Elyvilon.
  3637 | D:6      | Found Zin's Purification Station.
  3641 | D:6      | Found a glowing silver altar of Zin.
  3660 | D:6      | Reached XP level 8. HP: 58/78 MP: 7/7
  3693 | D:6      | Bought a potion of curing for 90 gold pieces
  3766 | D:6      | Reached **** piety under Trog
  3783 | D:6      | Reached skill level 5 in Fighting
  3783 | D:6      | Reached skill level 5 in Dodging
  4425 | D:6      | Found a burning altar of Makhleb.
  4499 | D:7      | Reached XP level 9. HP: 84/89 MP: 8/8
  4765 | D:7      | Noticed Pikel
  4786 | D:7      | Killed Pikel
  5463 | D:8      | Noticed Psyche
  5472 | D:8      | Killed Psyche
  5473 | D:8      | Reached skill level 9 in Unarmed Combat
  5734 | D:8      | Found a sacrificial altar of Ru.
  5794 | D:8      | Found Bocwoado's Distillery.
  5797 | D:8      | Bought a potion of heal wounds for 65 gold pieces
  5797 | D:8      | Bought a potion of haste for 130 gold pieces
  5797 | D:8      | Bought a potion of heal wounds for 65 gold pieces
  5797 | D:8      | Bought a potion of invisibility for 104 gold pieces
  5982 | D:9      | Found a shadowy altar of Dithmenos.
  6247 | D:9      | Found a snail-covered altar of Cheibriados.
  6314 | D:9      | Reached ***** piety under Trog
  6456 | D:9      | Reached XP level 10. HP: 93/102 MP: 9/9
  6645 | D:9      | Noticed a two-headed ogre
  6650 | D:9      | Killed a two-headed ogre
  6830 | D:10     | Entered Level 10 of the Dungeon
  6840 | D:10     | Noticed a two-headed ogre
  6854 | D:10     | Killed a two-headed ogre
  6855 | D:10     | Received a gift from Trog
  6896 | D:10     | Reached skill level 10 in Unarmed Combat
  7033 | D:10     | Found a portal to a secret trove of treasure.
  7081 | D:10     | Noticed a gargoyle
  7085 | D:10     | Killed a gargoyle
  7386 | D:10     | Found a staircase to the Lair.
  7516 | Lair:1   | Entered Level 1 of the Lair of Beasts
  7838 | Lair:3   | Noticed an elephant
  7838 | Lair:3   | Noticed an elephant
  7839 | Lair:3   | Noticed an elephant
  7839 | Lair:3   | Noticed an elephant
  7894 | Lair:2   | Noticed a boulder beetle
  7925 | Lair:3   | Killed an elephant
  7928 | Lair:3   | Killed an elephant
  7929 | Lair:3   | Reached XP level 11. HP: 113/113 MP: 10/10
  7965 | Lair:3   | Noticed a five-headed hydra
  8014 | Lair:3   | Got a slimy cloak
  8025 | Lair:3   | Identified the +0 cloak of Insatiable Hunger {Rampage rF-
                  | Stlth+} (You found it on level 3 of the Lair of Beasts)
  8203 | Lair:4   | You fall into a shaft and drop 1 floor!
  8203 | Lair:5   | Noticed a catoblepas
  8213 | Lair:5   | You fall into a shaft and drop 1 floor!
  8213 | Lair:6   | Entered Level 6 of the Lair of Beasts
  8213 | Lair:6   | Noticed a catoblepas
  8219 | Lair:6   | Reached skill level 11 in Unarmed Combat
  8221 | Lair:6   | Noticed a four-headed hydra
  8230 | Lair:6   | Killed a catoblepas
  8361 | Lair:6   | Noticed a five-headed hydra
  8393 | Lair:5   | Found a staircase to the Slime Pits.
  8394 | Lair:5   | Found a viscous altar of Jiyva.
  8852 | Lair:4   | Noticed a five-headed hydra
  9024 | Lair:4   | Killed a ten-headed hydra
  9083 | Lair:4   | Reached XP level 12. HP: 71/126 MP: 11/11
  9273 | Lair:4   | Noticed a six-headed hydra
  9287 | Lair:4   | Killed an 11-headed hydra
  9288 | Lair:4   | Reached skill level 12 in Unarmed Combat
  9371 | Lair:4   | Found a hole to the Spider Nest.
  9376 | Lair:4   | Reached skill level 10 in Fighting
  9376 | Lair:4   | Reached skill level 10 in Dodging
  9379 | Lair:4   | Reached skill level 1 in Evocations
  9593 | Lair:4   | Found a basalt altar of Yredelemnul.
  9997 | Lair:3   | Noticed an eight-headed hydra
 10007 | Lair:3   | Killed a ten-headed hydra
 10079 | Lair:3   | Killed a nine-headed hydra
 10197 | Lair:3   | Reached skill level 5 in Evocations
 10861 | Lair:1   | Reached skill level 1 in Shields
 11049 | Lair:1   | Found a runed translucent gate.
 11049 | Lair:1   | Found a runed translucent gate.
 11049 | Lair:1   | Found a runed translucent gate.
 11049 | Lair:1   | Noticed Hycrow's ghost (journeyman MiBe)
 11051 | Lair:1   | Noticed a six-headed hydra
 11831 | Lair:2   | Reached skill level 5 in Shields
 11857 | Lair:1   | Reached XP level 13. HP: 23/133 MP: 12/12
 12651 | Lair:3   | Found a staircase to the Shoals.
 13397 | Lair:5   | Identified a scroll of acquirement
 13841 | Lair:5   | Received a gift from Trog
 14039 | Lair:6   | Reached skill level 1 in Throwing
 14345 | Lair:5   | Fell from the grace of Trog
 14345 | Lair:5   | Became a worshipper of Jiyva Jumedai the Shapeless
 14348 | Slime:1  | Entered Level 1 of the Pits of Slime
 14381 | Slime:4  | Noticed an acid blob
 14386 | Slime:5  | Entered Level 5 of the Pits of Slime
 14386 | Slime:5  | Noticed an azure jelly
 14389 | Slime:5  | Noticed an acid blob
 14392 | Slime:5  | Noticed an acid blob
 14402 | Slime:5  | Found a viscous altar of Jiyva.
 14402 | Slime:5  | Noticed the Royal Jelly
 14403 | Slime:5  | Noticed an acid blob
 14445 | Slime:4  | Noticed an azure jelly
 14448 | Slime:4  | Noticed an azure jelly
 14467 | Slime:2  | Noticed an acid blob
 14983 | D:11     | Reached skill level 5 in Throwing
 14983 | D:11     | Noticed Snorg
 15002 | D:11     | Killed Snorg
 15139 | D:11     | Paralysed by Trog for 3 turns
 15157 | D:11     | Noticed Nergalle
 15172 | D:11     | Killed Nergalle
 15272 | D:11     | Found a roughly hewn altar of Beogh.
 15272 | D:11     | Found a staircase to the Orcish Mines.
 15466 | D:11     | Reached XP level 14. HP: 129/143 MP: 13/13
 15490 | D:11     | Mangled by a deep troll

Illustrated notes

Levels and vault maps discovered:
D:1:      minmay_arrival_shattered_statue, layout_basic, corexii_corridor_pit
D:2:      layout_basic, pdpol_wu_jian_five_deadly_venoms, serial_forest,
          infiniplex_forest_fountain, infiniplex_forest_lined_3,
          infiniplex_forest_lined_room_, infiniplex_forest_3_way,
          infiniplex_forest_straight_2, infiniplex_forest_lined_2,
          infiniplex_forest_clump_cross, infiniplex_forest_lined_ring,
          minmay_shallow_snake_nest, uniq_jessica, uniq_crazy_yiuf_cottage
D:3:      cheibrodos_old_hovel, layout_rooms, eat_drink_and_be_merry_uskayaw,
          grunt_ministairs_14
D:4:      layout_basic, grunt_temple_overflow_open, kennysheep_crisscross,
          minmay_strange_pillars, kennysheep_pointless_box, uniq_grinder
D:5:      layout_basic, minmay_temple_entry_enclosed_plants
D:6:      layout_loops_corners, lemuel_doored_altar, makhleb_heckhound_becter,
          zin_purify, minmay_misc_feat_cross
D:7:      layout_rooms, uniq_pikel
D:8:      layout_loops_ring, nicolae_ru_path_of_blood, serial_shops,
          kennysheep_mini_moat, uniq_psyche
D:9:      layout_stronghold, nicolae_dithmenos_the_darkroom, kennysheep_mini
D:10:     layout_rooms, david_lair_shrubbed, nicolae_trove_entry_free_sample
D:11:     layout_loops_cross, david_orc_5, uniq_snorg, uniq_nergalle
Temple:   corrupted_temple
Lair:1:   layout_gridlike, gammafunk_ghost_split, infiniplex_staircase_pool
Lair:2:   layout_regular_city
Lair:3:   layout_chaotic_city, elwin_shoals_entry_rooms, beast_lair_carwin_10
Lair:4:   layout_gridlike, nicolae_spider_entry_tight_spaces, st_stairs_3,
          lemuel_centaur_altar
Lair:5:   layout_roguey, slime_altar_1, beast_lair_carwin_9
Lair:6:   wormcave, layout_concentric_octagons, small_statue_intersection,
          nicolae_quartered_pool_little, serial_bayou_shore_a,
          grunt_megastairs_3
Slime:1:  layout_caves
Slime:2:  cheibrodos_slime_lost_civilization_10, layout_caves
Slime:3:  layout_caves
Slime:4:  layout_caves
Slime:5

Skill      XL: |  1  2  3  4  5  6  7  8  9 10 11 12 13 |
---------------+----------------------------------------+-----
Unarmed Combat | 4 5 6 8 9 10 11 12 | 12.0
Fighting       | 3 4 5 7 8 9 10 | 10.0
Dodging        | 3 4 5 7 8 9 10 | 10.0
Evocations     | 5 |  5.7
Shields        | 5 9 |  9.0
Throwing       | 6 |  6.6

Action                   |  1- 3 |  4- 6 |  7- 9 | 10-12 | 13-15 || total
-------------------------+-------+-------+-------+-------+-------++-------
Melee: Unarmed           |    73 |   232 |   287 |   485 |   498 ||  1575
       Punch             |     2 |     5 |     7 |    25 |       ||    39
Invok: Berserk           |       |     3 |     2 |    12 |     4 ||    21
       Trog's Hand       |       |       |       |     4 |     1 ||     5
Evoke: Wand              |       |       |       |     2 |     1 ||     3
  Use: Scroll            |       |     4 |     7 |    13 |     6 ||    30
 Stab: Petrified         |       |       |       |     2 |       ||     2
       Sleeping          |       |       |       |     2 |     3 ||     5
       Distracted        |       |       |       |     1 |       ||     1
       Paralysed         |       |       |       |       |     2 ||     2
Armor: Animal skin       |    28 |    60 |    45 |       |       ||   133
       Robe              |       |       |    16 |    95 |    52 ||   163
Dodge: Dodged            |    49 |   148 |   197 |   361 |   281 ||  1036
Block: Kite shield       |       |       |       |    74 |   374 ||   448
       Other             |       |       |       |     8 |       ||     8
       Reflection        |       |       |       |       |    11 ||    11
